TOP OF THE 1ST |
Pensacola Blue Wahoos batting - Pitching for Harrisburg Senators : LHP Sean Carr
|
Pitching: LHP Sean Carr
|
|
Batting: SHB Bryan Johnston
|
0-0: Called Strike 0-1: Foul Ball, location: 2F 0-2: Ground out 6-3 (Groundball, 6, EV 100.6 MPH)
|
Batting: RHB Dusty Pollert
|
0-0: Ball 1-0: Foul Ball, location: 2F 1-1: Ball 2-1: Ball 3-1: Ground out 3-1 (Groundball, 13, EV 86.9 MPH)
|
Batting: RHB Juan Reyes
|
0-0: Ball 1-0: Called Strike 1-1: SINGLE (Line Drive, 6D, EV 99.4 MPH)
|
Batting: RHB Jon Marquez
|
0-0: Ball 1-0: Swinging Strike 1-1: Ball 2-1: Ball 3-1: Swinging Strike 3-2: Base on Balls Juan Reyes to second
|
Batting: LHB Leo Gomez
|
0-0: Ball 1-0: Foul Ball, location: 2F 1-1: Foul Ball, location: 2F 1-2: Strikes out swinging
|
Top of the 1st over - 0 runs, 1 hit, 0 errors, 2 left on base; Pensacola 0 - Harrisburg 0 |
BOTTOM OF THE 1ST |
Harrisburg Senators batting - Pitching for Pensacola Blue Wahoos : RHP Chris Galo
|
Pitching: RHP Chris Galo
|
|
Batting: SHB Dan Castaneda
|
0-0: Called Strike 0-1: Swinging Strike 0-2: Foul Ball, location: 2F 0-2: Strikes out swinging
|
Batting: RHB Kevin Whitenack
|
0-0: Foul Ball, location: 2F 0-1: Ball 1-1: Fly out, F9 (Flyball, 9, EV 88.1 MPH)
|
Batting: LHB Nate Melendez
|
0-0: Ball 1-0: Called Strike 1-1: Foul Ball, location: 2F 1-2: Hit by Pitch
|
Batting: LHB Evan Oliveri
|
0-0: Ball 1-0: Called Strike Nate Melendez is caught stealing 2nd base 2-6
|
Bottom of the 1st over - 0 runs, 0 hits, 0 errors, 0 left on base; Pensacola 0 - Harrisburg 0 |
TOP OF THE 2ND |
Pensacola Blue Wahoos batting - Pitching for Harrisburg Senators : LHP Sean Carr
|
Batting: RHB Pedro Pinero
|
0-0: Swinging Strike 0-1: Ball 1-1: Ball 2-1: Ground out 5-3 (Groundball, 5, EV 98.1 MPH)
|
Batting: SHB Kristian Kristensen
|
0-0: Ball 1-0: Ground out 6-3 (Groundball, 6, EV 106.2 MPH)
|
Batting: LHB Nick Nino
|
0-0: Ball 1-0: Ground out 4-3 (Groundball, 4, EV 81.2 MPH)
|
Top of the 2nd over - 0 runs, 0 hits, 0 errors, 0 left on base; Pensacola 0 - Harrisburg 0 |
BOTTOM OF THE 2ND |
Harrisburg Senators batting - Pitching for Pensacola Blue Wahoos : RHP Chris Galo
|
Batting: LHB Evan Oliveri
|
0-0: Ground out 5-3 (Groundball, 5, EV 86.2 MPH)
|
Batting: RHB Slavik Nebrodov
|
0-0: Ball 1-0: Called Strike 1-1: SINGLE (Line Drive, 5D, EV 93.8 MPH)
|
Batting: RHB Donovan Auclair
|
0-0: Ball 1-0: Fly out, F4 (Popup, 4MD, EV 75.0 MPH)
|
Batting: SHB Alex Ethridge
|
0-0: Called Strike 0-1: Ball 1-1: Ball 2-1: Ground out 4-3 (Groundball, 34, EV 103.8 MPH)
|
Bottom of the 2nd over - 0 runs, 1 hit, 0 errors, 1 left on base; Pensacola 0 - Harrisburg 0 |
TOP OF THE 3RD |
Pensacola Blue Wahoos batting - Pitching for Harrisburg Senators : LHP Sean Carr
|
Batting: LHB Akira Yamano
|
0-0: Foul Ball, location: 2F 0-1: Ball 1-1: Foul Ball, location: 2F 1-2: Foul Ball, location: 2F 1-2: Ground out 4-3 (Groundball, 34, EV 103.8 MPH)
|
Batting: SHB Bryan Johnston
|
0-0: Foul Ball, location: 2F 0-1: Foul Ball, location: 2F 0-2: Ball 1-2: Ball 2-2: Foul Ball, location: 2F 2-2: Ball 3-2: Fly out, F9 (Flyball, 89M, EV 96.9 MPH)
|
Batting: RHB Dusty Pollert
|
0-0: Ground out 3-1 (Groundball, 34S, EV 68.1 MPH)
|
Top of the 3rd over - 0 runs, 0 hits, 0 errors, 0 left on base; Pensacola 0 - Harrisburg 0 |
BOTTOM OF THE 3RD |
Harrisburg Senators batting - Pitching for Pensacola Blue Wahoos : RHP Chris Galo
|
Batting: RHB John McNeill
|
0-0: Foul Ball, location: 2F 0-1: Ball 1-1: Ball 2-1: Foul Ball, location: 2F 2-2: Foul Ball, location: 2F 2-2: Ground out 6-3 (Groundball, 6, EV 103.1 MPH)
|
Batting: RHB Jim Towle
|
0-0: Swinging Strike 0-1: Swinging Strike 0-2: Ball 1-2: Ground out 6-3 (Groundball, 6, EV 88.8 MPH)
|
Batting: SHB Dan Castaneda
|
0-0: DOUBLE (Line Drive, 89D, EV 106.2 MPH)
|
Batting: RHB Kevin Whitenack
|
0-0: Ball 1-0: Ball 2-0: Ground out 4-3 (Groundball, 4MS, EV 80.0 MPH)
|
Bottom of the 3rd over - 0 runs, 1 hit, 0 errors, 1 left on base; Pensacola 0 - Harrisburg 0 |
TOP OF THE 4TH |
Pensacola Blue Wahoos batting - Pitching for Harrisburg Senators : LHP Sean Carr
|
Batting: RHB Juan Reyes
|
0-0: Fly out, F6 (Line Drive, 6D, EV 76.2 MPH)
|
Batting: RHB Jon Marquez
|
0-0: Ball 1-0: Ball 2-0: SINGLE (Line Drive, 34, EV 99.4 MPH)
|
Batting: LHB Leo Gomez
|
0-0: Called Strike 0-1: Ground out U3 (Groundball, 3S, EV 68.8 MPH) Jon Marquez to second
|
Batting: RHB Pedro Pinero
|
0-0: Ball 1-0: Ground out 5-3 (Groundball, 56, EV 80.6 MPH)
|
Top of the 4th over - 0 runs, 1 hit, 0 errors, 1 left on base; Pensacola 0 - Harrisburg 0 |
BOTTOM OF THE 4TH |
Harrisburg Senators batting - Pitching for Pensacola Blue Wahoos : RHP Chris Galo
|
Batting: LHB Nate Melendez
|
0-0: Fly out, F7 (Line Drive, 7, EV 91.9 MPH)
|
Batting: LHB Evan Oliveri
|
0-0: Called Strike 0-1: Foul Ball, location: 2F 0-2: SINGLE (Line Drive, 6D, EV 105.6 MPH)
|
Batting: RHB Slavik Nebrodov
|
0-0: Called Strike 0-1: Ball 1-1: Called Strike 1-2: Ball 2-2: Ball 3-2: Base on Balls Evan Oliveri to second
|
Batting: RHB Donovan Auclair
|
0-0: Called Strike 0-1: Grounds into double play, 6-4-3 (Groundball, 6M, EV 101.9 MPH)
|
Bottom of the 4th over - 0 runs, 1 hit, 0 errors, 1 left on base; Pensacola 0 - Harrisburg 0 |
TOP OF THE 5TH |
Pensacola Blue Wahoos batting - Pitching for Harrisburg Senators : LHP Sean Carr
|
Batting: SHB Kristian Kristensen
|
0-0: Ground out 4-3 (Groundball, 4, EV 103.1 MPH)
|
Batting: LHB Nick Nino
|
0-0: Foul Ball, location: 2F 0-1: Ground out 3-1 (Groundball, 34S, EV 85.6 MPH)
|
Batting: LHB Akira Yamano
|
0-0: Swinging Strike 0-1: Ground out 4-3 (Groundball, 34, EV 83.1 MPH)
|
Top of the 5th over - 0 runs, 0 hits, 0 errors, 0 left on base; Pensacola 0 - Harrisburg 0 |
BOTTOM OF THE 5TH |
Harrisburg Senators batting - Pitching for Pensacola Blue Wahoos : RHP Chris Galo
|
Batting: SHB Alex Ethridge
|
0-0: SINGLE (Groundball, 13S, EV 68.1 MPH) (infield hit)
|
Batting: RHB John McNeill
|
0-0: Ground out 5-3 (Groundball, 5S, EV 63.8 MPH) Alex Ethridge to second
|
Batting: RHB Jim Towle
|
0-0: Swinging Strike 0-1: Ball 1-1: Ball 2-1: Ground out 6-3 (Groundball, 6MS, EV 87.5 MPH) Alex Ethridge to third
|
Batting: SHB Dan Castaneda
|
0-0: Fly out, F7 (Flyball, 7LM, EV 90.0 MPH)
|
Bottom of the 5th over - 0 runs, 1 hit, 0 errors, 1 left on base; Pensacola 0 - Harrisburg 0 |
TOP OF THE 6TH |
Pensacola Blue Wahoos batting - Pitching for Harrisburg Senators : LHP Sean Carr
|
Batting: SHB Bryan Johnston
|
0-0: Ball 1-0: Ball 2-0: Foul Ball, location: 2F 2-1: Called Strike 2-2: Foul Ball, location: 2F 2-2: Ball 3-2: Ground out 5-3 (Groundball, 56, EV 101.2 MPH)
|
Batting: RHB Dusty Pollert
|
0-0: Called Strike 0-1: Called Strike 0-2: Fly out, F5 (Popup, 5F, EV 83.1 MPH)
|
Batting: RHB Juan Reyes
|
0-0: Called Strike 0-1: Ball 1-1: Ball 2-1: Foul Ball, location: 2F 2-2: Ball 3-2: SINGLE (Groundball, 56S, EV 69.4 MPH) (infield hit)
|
Batting: RHB Jon Marquez
|
0-0: Ball 1-0: Called Strike 1-1: Ball 2-1: DOUBLE (Flyball, 78XD, EV 110.6 MPH) Juan Reyes to third Runner from 3rd tries for Home, throw by CF and OUT! 8-6-2
|
Top of the 6th over - 0 runs, 2 hits, 0 errors, 1 left on base; Pensacola 0 - Harrisburg 0 |
BOTTOM OF THE 6TH |
Harrisburg Senators batting - Pitching for Pensacola Blue Wahoos : RHP Chris Galo
|
Batting: RHB Kevin Whitenack
|
0-0: Foul Ball, location: 2F 0-1: SINGLE (Line Drive, 9LS, EV 97.5 MPH)
|
Batting: LHB Nate Melendez
|
0-0: Fielders Choice at 2nd, 5-4 (Groundball, 5, EV 99.4 MPH)
|
Batting: LHB Evan Oliveri
|
0-0: Ball Nate Melendez is caught stealing 2nd base 2-6 1-0: Called Strike 1-1: Swinging Strike 1-2: Ball 2-2: Strikes out swinging
|
Bottom of the 6th over - 0 runs, 1 hit, 0 errors, 0 left on base; Pensacola 0 - Harrisburg 0 |
TOP OF THE 7TH |
Pensacola Blue Wahoos batting - Pitching for Harrisburg Senators : LHP Sean Carr
|
Batting: LHB Leo Gomez
|
0-0: Called Strike 0-1: Swinging Strike 0-2: Ball 1-2: Foul Ball, location: 2F 1-2: Ground out 4-3 (Groundball, 4, EV 91.9 MPH)
|
Batting: RHB Pedro Pinero
|
0-0: Called Strike 0-1: Foul Ball, location: 2F 0-2: Ball 1-2: Ball 2-2: Ball 3-2: Base on Balls
|
Batting: SHB Kristian Kristensen
|
0-0: Ball 1-0: Ball 2-0: Called Strike 2-1: Ball 3-1: Grounds into double play, 4-6-3 (Groundball, 34, EV 91.2 MPH)
|
Top of the 7th over - 0 runs, 0 hits, 0 errors, 0 left on base; Pensacola 0 - Harrisburg 0 |
BOTTOM OF THE 7TH |
Harrisburg Senators batting - Pitching for Pensacola Blue Wahoos : RHP Chris Galo
|
Batting: RHB Slavik Nebrodov
|
0-0: Foul Ball, location: 2F 0-1: Ball 1-1: Ball 2-1: Ball 3-1: Ground out 5-3 (Groundball, 56, EV 85.6 MPH)
|
Batting: RHB Donovan Auclair
|
0-0: Ground out 5-3 (Groundball, 56S, EV 88.1 MPH)
|
Batting: SHB Alex Ethridge
|
0-0: Ball 1-0: SOLO HOME RUN (Flyball, 7LD, EV 92.5 MPH), Distance : 335 ft
|
Batting: RHB John McNeill
|
0-0: Called Strike 0-1: Swinging Strike 0-2: SINGLE (Groundball, 6MS, EV 81.9 MPH) (infield hit)
|
Batting: RHB Jim Towle
|
0-0: Ball 1-0: Ball 2-0: Foul Ball, location: 2F 2-1: Swinging Strike 2-2: Foul Ball, location: 2F 2-2: Foul Ball, location: 2F 2-2: Foul Ball, location: 2F 2-2: Ground out 4-3 (Groundball, 4S, EV 84.4 MPH)
|
Bottom of the 7th over - 1 run, 2 hits, 0 errors, 1 left on base; Pensacola 0 - Harrisburg 1 |
TOP OF THE 8TH |
Pensacola Blue Wahoos batting - Pitching for Harrisburg Senators : LHP Sean Carr
|
Pitching: RHP Steve Barnes
|
|
Batting: LHB Nick Nino
|
0-0: SINGLE (Groundball, 34, EV 95.6 MPH)
|
Batting: LHB Akira Yamano
|
0-0: Called Strike Nick Nino steals 2nd base 0-1: Ball 1-1: Foul Ball, location: 2F 1-2: Foul Ball, location: 2F 1-2: Foul Ball, location: 2F 1-2: Foul Ball, location: 2F 1-2: Ball 2-2: Ball 3-2: Foul Ball, location: 2F 3-2: Foul Ball, location: 2F 3-2: Base on Balls
|
Batting: SHB Bryan Johnston
|
0-0: Called Strike Akira Yamano steals 2nd base Nick Nino steals 3rd base 0-1: Foul Ball, location: 2F 0-2: Ball 1-2: Ground out 4-3 (Groundball, 4, EV 83.1 MPH)
|
Batting: RHB Dusty Pollert
|
0-0: Ball 1-0: Ground out 5-3 (Groundball, 5, EV 88.1 MPH)
|
Batting: RHB Juan Reyes
|
0-0: Ball 1-0: Called Strike 1-1: Ball 2-1: Fly out, F7 (Flyball, 78D, EV 110.0 MPH)
|
Top of the 8th over - 0 runs, 1 hit, 0 errors, 2 left on base; Pensacola 0 - Harrisburg 1 |
BOTTOM OF THE 8TH |
Harrisburg Senators batting - Pitching for Pensacola Blue Wahoos : RHP Chris Galo
|
Batting: SHB Dan Castaneda
|
0-0: Ball 1-0: Swinging Strike 1-1: SINGLE (Line Drive, 4D, EV 100.6 MPH)
|
Batting: RHB Kevin Whitenack
|
0-0: Called Strike 0-1: Called Strike Dan Castaneda is caught stealing 2nd base 2-4 0-2: Ball 1-2: Ball 2-2: SINGLE (Groundball, 34D, EV 94.4 MPH)
|
Batting: LHB Nate Melendez
|
0-0: SINGLE (Groundball, 34, EV 110.0 MPH) Kevin Whitenack to second Runner from 2nd tries for 3rd, OUT! 9-5
|
Batting: LHB Evan Oliveri
|
0-0: Ball 1-0: Ball 2-0: Ball 3-0: Base on Balls Nate Melendez to second
|
Batting: RHB Slavik Nebrodov
|
0-0: Ball 1-0: Ball 2-0: Swinging Strike 2-1: Fly out, F7 (Flyball, 7S, EV 86.9 MPH)
|
Bottom of the 8th over - 0 runs, 3 hits, 0 errors, 2 left on base; Pensacola 0 - Harrisburg 1 |
TOP OF THE 9TH |
Pensacola Blue Wahoos batting - Pitching for Harrisburg Senators : RHP Steve Barnes
|
Pitching: LHP Kerry Baty
|
|
Batting: RHB Jon Marquez
|
0-0: Called Strike 0-1: Swinging Strike 0-2: Ball 1-2: Foul Ball, location: 2F 1-2: Ball 2-2: Fly out, F4 (Popup, 4, EV 67.5 MPH)
|
Pinch Hitting: RHB David Clough
|
0-0: Foul Ball, location: 2F 0-1: Ball 1-1: Ball 2-1: Ground out 6-3 (Groundball, 56, EV 90.6 MPH)
|
Batting: RHB Pedro Pinero
|
0-0: Ground out 6-3 (Groundball, 56S, EV 95.0 MPH)
|
Top of the 9th over - 0 runs, 0 hits, 0 errors, 0 left on base; Pensacola 0 - Harrisburg 1 |
|